 Dungeon Crawl Stone Soup version 0.30-a0-743-gbfdf073431 (webtiles) character file.

Game seed: 5350009117088026571

43554 gelatine the Tainter (level 13, -1/99 HPs)
             Began as a Demonspawn Venom Mage on Feb 5, 2023.
             Was a High Priest of Sif Muna.
             Killed from afar by a deep elf zephyrmancer (25 damage)
             ... with a bolt of lightning
             ... on level 1 of the Elven Halls.
             The game lasted 01:03:42 (15330 turns).

gelatine the Tainter (Demonspawn Venom Mage)       Turns: 15330, Time: 01:03:42

Health: -1/99      AC: 20    Str: 12    XL:     13   Next: 91%
Magic:  32/32      EV: 22    Int: 22    God:    Sif Muna [*****.]
Gold:   745        SH:  5    Dex: 19    Spells: 16/26 levels left

rFire   + . .      SeeInvis .    q - +9 battleaxe (drain)
rCold   + . .      Faith    .    (shield currently unavailable)
rNeg    . . .      Spirit   .    M - +5 leather armour of the Ornamental God {rPois Will++}
rPois   +          Reflect  +    (helmet restricted)
rElec   .          Harm     .    A - +2 cloak of Valour {rF+ Regen+}
rCorr   .          Rampage  .    d - +2 pair of gloves "Fabby" {Str+4 Dex+5}
Will    ++...                    w - +1 pair of boots "Kegarax" {Regen+ MP+9}
Stlth   +++                      f - amulet of reflection
HPRegen 1.96/turn                Y - +4 ring of protection
MPRegen 0.23/turn                h - +4 ring of slaying

@: mighty, agile, studying Poison Magic
A: antennae 2, foul stench 1, powered by pain 1, sturdy frame 3, talons 1, cold
resistance 1, wild magic 1
a: Renounce Religion, Channel Magic, Forget Spell, Divine Exegesis


You were on level 1 of the Elven Halls.
You worshipped Sif Muna.
Sif Muna was extremely pleased with you.
You visited 5 branches of the dungeon, and saw 16 of its levels.
You also visited: Sewer and Gauntlet.

You collected 1682 gold pieces.
You spent 937 gold pieces at shops.

Inventory:

Hand Weapons
 q - a +9 battleaxe of draining (weapon)
Missiles
 S - 2 boomerangs of dispersal
Armour
 d - the +2 pair of gloves "Fabby" (worn) {Str+4 Dex+5}
   (You acquired it on level 3 of the Dungeon)

   Str:       It affects your strength (+4).
   Dex:       It affects your dexterity (+5).
 w - the +1 pair of boots "Kegarax" (worn) {Regen+ MP+9}
   (You found it in a Gauntlet)

   MP:        It affects your magic capacity (+9).
   Regen:     It increases your rate of health regeneration.
 A - the +2 cloak of Valour (worn) {rF+ Regen+}
   (You found it in a Gauntlet)

   rF:        It protects you from fire.
   Regen:     It increases your rate of health regeneration.
 J - the +1 ring mail of the Cicada {+Blink rF- Dex+8 SInv}
   (You bought it in a shop on level 1 of the Elven Halls)

   Dex:       It affects your dexterity (+8).
   rF:        It makes you vulnerable to fire.
   SInv:      It lets you see invisible.
   +Blink:    It lets you blink.
 K - a +3 leather armour of cold resistance
 M - the +5 leather armour of the Ornamental God (worn) {rPois Will++}
   (You bought it in a shop on level 6 of the Dungeon)

   rPois:     It protects you from poison.
   Will:      It greatly increases your willpower.
Jewellery
 a - a ring of see invisible
 b - a ring of wizardry
 f - an amulet of reflection (around neck)
 h - a +4 ring of slaying (right hand)
 m - a ring of poison resistance
 H - a +5 ring of evasion
 L - a ring of fire
 O - a +6 ring of dexterity
 T - a +5 ring of evasion
 U - a +4 ring of protection
 W - a ring of wizardry
 Y - a +4 ring of protection (left hand)
 Z - an amulet of regeneration
Wands
 x - a wand of digging (6)
 B - a wand of mindburst (16)
 D - a wand of polymorph (4)
 E - a wand of paralysis (14)
 G - a wand of iceblast (13)
Scrolls
 e - 5 scrolls of enchant weapon
 i - 4 scrolls of teleportation
 o - 4 scrolls of fear
 u - a scroll of fog
 y - 2 scrolls of summoning
 F - 3 scrolls of vulnerability
 Q - 3 scrolls of amnesia
 R - 2 scrolls of noise
 V - a scroll of poison
Potions
 c - 4 potions of lignification
 g - 2 potions of resistance
 k - a potion of heal wounds
 l - a potion of flight
 n - 2 potions of ambrosia {unknown}
 p - 4 potions of attraction {unknown}
 r - 2 potions of mutation
 s - a potion of might
 t - 2 potions of experience {unknown}
 z - 2 potions of magic
 C - 2 potions of berserk rage {unknown}
 I - 3 potions of haste {unknown}
 P - a potion of cancellation
 X - 3 potions of curing
Miscellaneous
 j - a phial of floods
 v - a tin of tremorstones (inert)


   Skills:
 * Level 8.7 Fighting
 + Level 0.7 Short Blades
 * Level 11.7 Axes
 + Level 3.1 Armour
 * Level 7.9 Dodging
 + Level 3.1 Stealth
 + Level 4.3 Shields
 + Level 1.0 Unarmed Combat
 + Level 7.1 Spellcasting
 + Level 3.8 Conjurations
 + Level 4.1 Transmutations
 + Level 0.8 Air Magic
 * Level 13.2 Poison Magic
 * Level 8.4 Invocations
 + Level 4.0 Evocations


You had 16 spell levels left.
You knew the following spells:

 Your Spells              Type           Power      Damage    Failure   Level
a - Sting                 Tmut/Pois      100%       1d8       1%          1
b - Poisonous Vapours     Pois/Air       100%       N/A       1%          2
c - Mephitic Cloud        Conj/Pois/Air  44%        N/A       3%          3
d - Olgreb's Toxic Radia  Pois           72%        N/A       1%          4

Your spell library contained the following spells:

 Spells                   Type           Power      Damage    Failure   Level
 Magic Dart               Conj           100%       1d8       3%          1
 Searing Ray              Conj           64%        2d6       4%          2
 Foxfire                  Conj/Fire      84%        2x1d8     6%          1
 Passwall                 Tmut/Erth      18%        N/A       9%          2
 Apportation              Tloc           20%        N/A       13%         1
 Necrotise                Necr           40%        1d6       13%         1
 Sandblast                Erth           20%        2d7       13%         1
 Summon Small Mammal      Summ           40%        N/A       13%         1
 Hailstorm                Conj/Ice       21%        3d6       16%         3
 Stone Arrow              Conj/Erth      42%        3d9       16%         3
 Call Imp                 Summ           10%        N/A       17%         2
 Ensorcelled Hibernation  Hex/Ice        20%        N/A       17%         2
 Sublimation of Blood     Necr           10%        N/A       17%         2
 Swiftness                Air            15%        N/A       24%         3
 Ice Form                 Ice/Tmut       22%        N/A       43%         4
 Petrify                  Tmut/Erth      22%        N/A       43%         4
 Fulminant Prism          Conj/Hex       10%        3d9       45%         4
 Irradiate                Conj/Tmut      16%        3d17      50%         5
 Summon Ice Beast         Ice/Summ       10%        N/A       71%         4
 Fireball                 Conj/Fire      10%        3d6       78%         5
 Summon Mana Viper        Hex/Summ       10%        N/A       95%         5
 Simulacrum               Ice/Necr       5%         N/A       100%        6
 Starburst                Conj/Fire      10%        6d5       100%        6
 Monstrous Menagerie      Summ           5%         N/A       100%        7


Dungeon Overview and Level Annotations

Branches:
Dungeon (10/15)            Temple (1/1) D:7            Lair (2/5) D:10
  Swamp (0/4) Lair:2          Orc (2/2) D:10            Elf (1/3) Orc:2
  Sewer (visited)         Gauntlet (visited)
  Snake: Lair:2-3    Spider: Lair:2-3

Altars:
Ashenzari
Cheibriados
Dithmenos
Fedhas
Gozag
Hepliaklqana
Kikubaaqudgha
Makhleb
Nemelex Xobeh
Okawaru
Qazlal
Ru
Sif Muna
Trog
Uskayaw
Vehumet
Wu Jian
Xom
Yredelemnul

Shops:
D:4 !   D:6 *   Orc:2 (**:   Elf:1 [


Innate Abilities, Weirdness & Mutations

You have a pair of antennae on your head.
You may rarely emit foul miasma when damaged in melee.
You sometimes gain a little power by taking damage.
Your movements are significantly less encumbered by armour. (ER -6)
You have sharp toenails.
Your flesh is cold resistant. (rC+)
Your spells are a little harder to cast, but a little more powerful.


Message History

The +1 hand axe of freezing closely misses you.
The deep elf zephyrmancer points at you and mumbles some strange words.
The bolt of lightning misses the +1 hand axe of freezing.
The bolt of lightning misses you.
The +1 hand axe of freezing hits you but does no damage.
The deep elf zephyrmancer points at you and mumbles some strange words.
The bolt of lightning misses the +1 hand axe of freezing.
The bolt of lightning hits you!!
* * * LOW HITPOINT WARNING * * *
You focus on the pain.
You feel very mighty all of a sudden. The +1 hand axe of freezing misses you.
Things that are here:
a +0 rapier; an elf corpse The +1 hand axe of freezing closely misses you.
There is an open door here.
The +1 hand axe of freezing attacks as you move away!
The +1 hand axe of freezing hits you.
* * * LOW HITPOINT WARNING * * *
You block the +1 hand axe of freezing's attack.
The +1 hand axe of freezing hits you but does no damage.
The +1 hand axe of freezing attacks as you move away!
The +1 hand axe of freezing hits you.
* * * LOW HITPOINT WARNING * * *
The +1 hand axe of freezing hits you.
* * * LOW HITPOINT WARNING * * *
The +1 hand axe of freezing freezes you.
* * * LOW HITPOINT WARNING * * *
The +1 hand axe of freezing attacks as you move away!
The +1 hand axe of freezing hits you but does no damage.
The +1 hand axe of freezing hits you.
* * * LOW HITPOINT WARNING * * *
The +1 hand axe of freezing barely misses you.
The +1 hand axe of freezing attacks as you move away!
The +1 hand axe of freezing hits you but does no damage.
The deep elf zephyrmancer points at you and mumbles some strange words.
The bolt of lightning hits the +1 hand axe of freezing.
The +1 hand axe of freezing completely resists.
The bolt of lightning hits you!!
You die...

.###.###.# .........# #+#
#......### #####.# ## #.##.#.#
#...#.# #.( # #.##.#.# #...#.##
.. .# #.##.#.######......##
e##... #.##.>......#...∩...#
##.....)
#.####.##...........######){...#
#.# #.##.......@(....e..#{# .#
#.. #####..........###.##)#..#
#.. ##.....#.### #..'))..# {
###)).#.# #####...# #...#.#
#...# #...#.# #..# ####...# {
.... ....# ... ...^.. ###


You could see a deep elf zephyrmancer and a +1 hand axe of freezing.

Vanquished Creatures
  An orc warlord (Orc:1)
  A minotaur (Gauntlet)
  2 hydras (Lair:2)
  2 ogre magi (Orc:2)
  8 two-headed ogres (Orc:2)
  A wretched star (Gauntlet)
  2 deep trolls (Orc:2)
  A deep elf archer (Elf:1)
  2 orc knights
  3 deep elf zephyrmancers (Elf:1)
  8 deep elf pyromancers (Elf:1)
  An orc sorcerer (Orc:1)
  A moth of wrath (Gauntlet)
  3 cyclopes
  A black mamba (Lair:1)
  4 elephants (Lair:1)
  Joseph (D:7)
  5 cane toads
  2 rime drakes
  An unseen horror (D:10)
  2 komodo dragons (Lair:2)
  An efreet (D:10)
  A polar bear (shapeshifter) (Gauntlet)
  Grinder (Sewer)
  9 trolls
  A tyrant leech (Lair:2)
  A hornet (D:9)
  7 blink frogs (Lair:2)
  A snapping turtle (shapeshifter) (Gauntlet)
  Sigmund (D:2)
  A vampire (D:9)
  A fire elemental (Elf:1)
  A wyvern (D:10)
  27 yaks
  Eustachio (D:4)
  2 steam dragons (D:7)
  A basilisk (Lair:1)
  4 redbacks (Gauntlet)
  A swamp worm (Lair:2)
  A neqoxec (Gauntlet)
  3 wargs
  4 water moccasins
  A black bear (D:7)
  An ice beast (D:8)
  23 orc warriors
  2 sky beasts (D:7)
  18 ogres
  9 wolves (Lair:1)
  A centaur (D:8)
  2 phantoms
  4 kobold brigands
  2 necrophages
  3 gnoll sergeants
  8 bullfrogs
  9 scorpions
  19 wights
  13 killer bees
  A small abomination (Gauntlet)
  2 howler monkeys (D:8)
  4 hounds
  13 orc priests
  2 iguanas
  A gnoll bouda (Orc:1)
  9 orc wizards
  13 gnolls
  5 adders
  A river rat (D:3)
  7 shadow imps
  2 white imps
  4 ufetubi (Sewer)
  2 worms
  6 dart slugs
  60 orcs
  9 bats
  8 endoplasms
  6 giant cockroaches
  9 goblins
  5 hobgoblins
  3 jackals (D:2)
  3 quokkas
  8 ball pythons
  4 frilled lizards
  A giant cockroach zombie (Sewer)
  35 kobolds
  A kobold zombie (Sewer)
  10 rats
471 creatures vanquished.

Vanquished Creatures (collateral kills)
  A vampire (D:10)
  4 wights (D:10)
5 creatures vanquished.

Vanquished Creatures (others)
  An orc wizard (Orc:1)
  5 demonic plants (Gauntlet)
  22 fungi
  50 plants
78 creatures vanquished.

Grand Total: 554 creatures vanquished

Notes
Turn   | Place    | Note
-------+----------+-------------------------------------------
     0 | D:1      | gelatine the Demonspawn Venom Mage began the quest for the
                  | Orb.
     0 | D:1      | Reached XP level 1. HP: 13/13 MP: 3/3
   253 | D:1      | Gained mutation: You may rarely emit foul miasma when
                  | damaged in melee. [demonic ancestry]
   253 | D:1      | Reached XP level 2. HP: 19/19 MP: 1/5
   837 | D:2      | Reached skill level 1 in Transmutations
   972 | D:2      | Gained mutation: You have a pair of small antennae on your
                  | head. [demonic ancestry]
   972 | D:2      | Reached XP level 3. HP: 24/24 MP: 1/6
  1410 | D:2      | Noticed Sigmund
  1415 | D:2      | Learned a level 2 spell: Poisonous Vapours
  1419 | D:2      | Learned a level 3 spell: Mephitic Cloud
  1462 | D:2      | Killed Sigmund
  1463 | D:2      | Reached skill level 1 in Fighting
  1463 | D:2      | Reached skill level 4 in Poison Magic
  1463 | D:2      | Gained mutation: You sometimes gain a little power by
                  | taking damage. [demonic ancestry]
  1463 | D:2      | Reached XP level 4. HP: 16/32 MP: 2/8
  1463 | D:2      | Gained mutation: Your movements are slightly less
                  | encumbered by armour. (ER -2) [demonic ancestry]
  1463 | D:2      | Reached XP level 5. HP: 19/37 MP: 2/9
  2133 | D:3      | Found a broken altar of Ashenzari.
  2137 | D:3      | Identified a scroll of acquirement
  2137 | D:3      | Acquired the +2 pair of gloves "Fabby" {Str+4 Dex+5}
  2529 | D:3      | Found a glowing drain.
  2534 | Sewer    | Entered a sewer
  2625 | Sewer    | Gained mutation: Your movements are less encumbered by
                  | armour. (ER -4) [demonic ancestry]
  2625 | Sewer    | Reached XP level 6. HP: 42/44 MP: 3/10
  2630 | Sewer    | Learned a level 4 spell: Olgreb's Toxic Radiance
  3019 | Sewer    | Reached skill level 5 in Poison Magic
  3078 | Sewer    | Identified the +2 robe of Instinct {Dex+3}
  3086 | Sewer    | Found an ancient bone altar of Kikubaaqudgha.
  3236 | Sewer    | Noticed Grinder
  3238 | Sewer    | Reached XP level 7. HP: 51/51 MP: 6/11
  3254 | Sewer    | Killed Grinder
  3255 | Sewer    | Reached skill level 1 in Axes
  3676 | D:4      | Found Dusunai's Distillery.
  3683 | D:4      | Bought 2 potions of heal wounds for 100 gold pieces
  4326 | D:4      | Noticed Eustachio
  4356 | D:4      | Killed Eustachio
  4370 | D:4      | Reached skill level 1 in Shields
  4370 | D:4      | Gained mutation: You have a pair of antennae on your head.
                  | [demonic ancestry]
  4370 | D:4      | Reached XP level 8. HP: 58/58 MP: 8/13
  4495 | D:4      | You fall into a shaft and drop 3 floors!
  4515 | D:7      | Reached skill level 1 in Armour
  4515 | D:7      | Reached skill level 1 in Conjurations
  4515 | D:7      | Reached skill level 6 in Poison Magic
  4515 | D:7      | Reached skill level 1 in Evocations
  4688 | D:7      | Noticed Joseph
  4705 | D:7      | Killed Joseph
  4706 | D:7      | Reached skill level 1 in Unarmed Combat
  4723 | D:7      | Reached XP level 9. HP: 27/65 MP: 4/15
  5114 | D:7      | Found a blossoming altar of Fedhas.
  5365 | D:7      | Found a shimmering blue altar of Sif Muna.
  5463 | D:7      | Found a staircase to the Ecumenical Temple.
  5988 | D:5      | Entered Level 5 of the Dungeon
  6408 | D:5      | Reached skill level 5 in Fighting
  6501 | D:5      | Reached skill level 5 in Axes
  7312 | D:6      | Reached skill level 7 in Poison Magic
  7463 | D:6      | Found Kestricigh's Assorted Antiques.
  7568 | D:6      | Bought a transparent leather armour for 126 gold pieces
  7568 | D:6      | Identified the +5 leather armour of the Ornamental God
                  | {rPois Will++} (You bought it in a shop on level 6 of the
                  | Dungeon)
  7568 | D:6      | Bought a glowing scarf for 144 gold pieces
  8019 | D:8      | Identified the +1 leather armour of Ottaonej {rN+ Int-2
                  | Dex+3}
  8028 | D:8      | Gained mutation: Your movements are significantly less
                  | encumbered by armour. (ER -6) [demonic ancestry]
  8028 | D:8      | Reached XP level 10. HP: 63/74 MP: 13/16
  8680 | D:8      | Reached skill level 8 in Poison Magic
  8752 | D:8      | Found a radiant altar of Vehumet.
  9076 | Temple   | Entered the Ecumenical Temple
  9369 | D:7      | Became a worshipper of Sif Muna the Loreminder
  9472 | D:9      | Reached skill level 5 in Dodging
  9477 | D:9      | Reached skill level 5 in Spellcasting
  9479 | D:9      | Reached skill level 1 in Invocations
 10111 | D:10     | Entered Level 10 of the Dungeon
 10130 | D:10     | Reached XP level 11. HP: 64/81 MP: 15/18
 10172 | D:10     | Found a staircase to the Orcish Mines.
 10304 | D:10     | Reached skill level 9 in Poison Magic
 10531 | D:10     | Reached * piety under Sif Muna
 10909 | D:10     | Found a staircase to the Lair.
 11144 | Lair:1   | Entered Level 1 of the Lair of Beasts
 11144 | Lair:1   | Found a gate leading to a gauntlet.
 11219 | Gauntlet | Entered a Gauntlet
 11219 | Gauntlet | Found a transporter.
 11219 | Gauntlet | Found a transporter.
 11229 | Gauntlet | Noticed a death scarab
 11245 | Gauntlet | Found a transporter.
 11245 | Gauntlet | Found a transporter.
 11252 | Gauntlet | Found a transporter.
 11266 | Gauntlet | a raiju changed into a mana viper
 11266 | Gauntlet | Noticed a mana viper (shapeshifter)
 11270 | Gauntlet | Found a transporter.
 11272 | Gauntlet | Noticed a necromancer
 11273 | Gauntlet | Noticed a death yak
 11275 | Gauntlet | Noticed a death yak
 11276 | Gauntlet | Noticed a death yak
 11278 | Gauntlet | Noticed a wretched star
 11278 | Gauntlet | Noticed a death yak
 11280 | Gauntlet | Found a transporter.
 11280 | Gauntlet | Found a transporter.
 11282 | Gauntlet | Noticed a large abomination
 11287 | Gauntlet | Found a transporter.
 11299 | Gauntlet | Noticed a large abomination
 11303 | Gauntlet | Found a transporter.
 11339 | Gauntlet | Found a transporter.
 11341 | Gauntlet | Found a large runed translucent door.
 11342 | Gauntlet | Found a large runed translucent door.
 11342 | Gauntlet | Noticed a hell hog
 11344 | Gauntlet | Found a runed translucent gate.
 11369 | Gauntlet | Found a transporter.
 11373 | Gauntlet | Found a large runed translucent door.
 11374 | Gauntlet | Found a large runed translucent door.
 11375 | Gauntlet | Found a large runed translucent door.
 11375 | Gauntlet | Found a large runed translucent door.
 11375 | Gauntlet | Found a large runed translucent door.
 11376 | Gauntlet | Found a runed translucent door.
 11386 | Gauntlet | Noticed an entropy weaver
 11387 | Gauntlet | Noticed a lindwurm
 11394 | Gauntlet | a lindwurm changed into a snapping turtle
 11395 | Gauntlet | an entropy weaver changed into a polar bear
 11545 | Gauntlet | Found a transporter.
 11569 | Gauntlet | Found a transporter.
 11587 | Gauntlet | Identified the +1 pair of boots "Kegarax" {Regen+ MP+9}
 11673 | Gauntlet | Reached skill level 10 in Poison Magic
 11685 | Gauntlet | Killed a wretched star
 11693 | Gauntlet | Identified the +2 cloak of Valour {rF+ Regen+}
 11725 | Gauntlet | Noticed a minotaur
 11754 | Gauntlet | Killed a minotaur
 11949 | Lair:1   | Reached ** piety under Sif Muna
 12037 | Lair:1   | Reached XP level 12. HP: 89/89 MP: 19/20
 12150 | Lair:1   | Gained mutation: Armour fits poorly on your strangely
                  | shaped body. [potion of mutation]
 12151 | Lair:1   | Lost mutation: Armour fits poorly on your strangely shaped
                  | body. [potion of mutation]
 12151 | Lair:1   | Gained mutation: You have sharp toenails. [potion of
                  | mutation]
 12151 | Lair:1   | Gained mutation: You are frail. (-10% HP) [potion of
                  | mutation]
 12151 | Lair:1   | Gained mutation: You have a pair of large antennae on your
                  | head. (SInv) [potion of mutation]
 12152 | Lair:1   | Lost mutation: You are frail. (-10% HP) [potion of
                  | mutation]
 12152 | Lair:1   | Lost mutation: You have a pair of large antennae on your
                  | head. (SInv) [potion of mutation]
 12152 | Lair:1   | Gained mutation: Your flesh is cold resistant. (rC+)
                  | [potion of mutation]
 12152 | Lair:1   | Gained mutation: Your spells are a little harder to cast,
                  | but a little more powerful. [potion of mutation]
 12530 | Lair:2   | Reached skill level 5 in Invocations
 12539 | Lair:2   | Reached skill level 11 in Poison Magic
 12745 | Lair:2   | Noticed an eight-headed hydra
 12759 | Lair:2   | Killed a 13-headed hydra
 13200 | Lair:2   | Noticed a five-headed hydra
 13214 | Lair:2   | Killed a five-headed hydra
 13358 | Lair:2   | Found a staircase to the Swamp.
 13589 | Orc:1    | Entered Level 1 of the Orcish Mines
 13590 | Orc:1    | Noticed an orc warlord
 13594 | Orc:1    | Reached *** piety under Sif Muna
 13607 | Orc:1    | Killed an orc warlord
 13608 | Orc:1    | Reached skill level 10 in Axes
 13987 | Orc:1    | Reached skill level 12 in Poison Magic
 14095 | Orc:1    | You fall into a shaft and drop 1 floor!
 14095 | Orc:2    | Entered Level 2 of the Orcish Mines
 14298 | Orc:2    | Found a staircase to the Elven Halls.
 14307 | Orc:2    | Reached XP level 13. HP: 98/98 MP: 22/22
 14337 | Orc:2    | Reached **** piety under Sif Muna
 14779 | Orc:2    | Found Cauny's Antique Weapon Shop.
 14819 | Orc:2    | Reached skill level 13 in Poison Magic
 14943 | Orc:2    | Found Cemish's Assorted Antiques.
 14943 | Orc:2    | Found Yploawn's General Store.
 14951 | Orc:2    | Bought a scroll of identify for 34 gold pieces
 14951 | Orc:2    | Bought 2 scrolls of identify for 68 gold pieces
 14951 | Orc:2    | Bought a potion of curing for 51 gold pieces
 14957 | Orc:2    | Found Ezimnaehile's Book Shop.
 14961 | Orc:2    | Bought a yellow potion for 27 gold pieces
 15177 | Elf:1    | Entered Level 1 of the Elven Halls
 15231 | Elf:1    | Found Jecs's Antique Armour Emporium.
 15272 | Elf:1    | Bought a shimmering ring mail for 387 gold pieces
 15272 | Elf:1    | Identified the +1 ring mail of the Cicada {+Blink rF- Dex+8
                  | SInv} (You bought it in a shop on level 1 of the Elven
                  | Halls)
 15316 | Elf:1    | Reached ***** piety under Sif Muna
 15330 | Elf:1    | Killed from afar by a deep elf zephyrmancer

Illustrated notes

Levels and vault maps discovered:
D:1:      kennysheep_arrival_seaside, layout_rooms, minmay_misc_feat_x
D:2:      layout_loops_ring, uniq_sigmund
D:3:      layout_rooms, ashenzari_altar_1, portal_sewer_entry_e, st_stairs_11
D:4:      layout_loops_corners, serial_shops, shop, hangedman_decor_growths,
          grunt_ministairs_2, st_stairs_4, uniq_eustachio
D:5:      layout_basic
D:6:      layout_loops_ring, serial_shops, shop, minmay_misc_feat_columns
D:7:      layout_basic, mainiacjoe_overflow_catch_the_wave,
          minmay_temple_entry_from_below_a, enter_bailey_5, dk_vineyard_2,
          minivault_11, minmay_fractal_squares_gapless_5, uniq_joseph
D:8:      layout_loops_ring, mainiacjoe_overflow_alcove_4
D:9:      layout_rooms
D:10:     layout_loops_ring, grunt_lair_entry_orc_guard_hut, orc_0_dummy
Temple:   mainiacjoe_temple_coin_purse
Lair:1:   layout_big_grid, gauntlet_entry_generic
Lair:2:   layout_regular_city, palyth_hydra_swamp_entry
Orc:1:    layout_caves
Orc:2:    st_orc_open, layout_diamond_mine
Elf:1:    layout_loops_corners, serial_shops, shop, nicolae_shop_trees,
          minmay_elf_crystal_heptagon, nicolae_elf_double_double_double_trouble,
          uniq_zenata

Skill      XL: |  1  2  3  4  5  6  7  8  9 10 11 12 13 |
---------------+----------------------------------------+-----
Transmutations | 1 2 3 4 |  4.1
Dodging        | 2 3 4 5 6 7 |  7.9
Fighting       | 1 2 3 5 6 7 8 |  8.7
Stealth        | 2 3 |  3.1
Poison Magic   | 4 5 6 7 8 10 12 13 | 13.2
Spellcasting   | 3 4 5 6 7 |  7.1
Axes           | 2 3 5 7 9 10 11 | 11.7
Shields        | 1 2 3 4 |  4.3
Armour         | 1 2 3 |  3.1
Conjurations   | 1 2 3 |  3.8
Evocations     | 2 3 4 |  4.0
Unarmed Combat | 1 |  1.0
Invocations    | 2 4 6 8 |  8.4
Short Blades   | |  0.7
Air Magic      | |  0.8

Action                     |  1- 3 |  4- 6 |  7- 9 | 10-12 | 13-15 || total
---------------------------+-------+-------+-------+-------+-------++-------
  Melee: Dagger            |    23 |    47 |       |       |       ||    70
         Punch             |       |     2 |       |       |       ||     2
         Battleaxe         |       |    20 |   147 |   302 |    74 ||   543
         Short sword       |       |    16 |       |       |       ||    16
         Unarmed           |       |       |    14 |       |       ||    14
   Cast: Sting             |    60 |    78 |    83 |   112 |    24 ||   357
         Poisonous Vapours |     1 |     3 |     3 |     6 |       ||    13
         Mephitic Cloud    |     1 |       |     2 |    16 |     6 ||    25
         Olgreb's Toxic Ra |       |     2 |    15 |    44 |    17 ||    78
  Evoke: Wand              |       |       |       |     3 |       ||     3
         Tin of tremorston |       |       |       |     2 |     1 ||     3
         Phial of floods   |       |       |       |     1 |       ||     1
    Use: Potion            |     2 |     2 |     2 |     6 |       ||    12
         Scroll            |       |     9 |     3 |     8 |     4 ||    24
   Stab: Sleeping          |       |       |     2 |     2 |       ||     4
         Confused          |       |       |       |     2 |     1 ||     3
         Distracted        |       |       |       |     1 |       ||     1
 Armour: Robe              |    14 |    39 |    29 |       |       ||    82
         Skin              |       |       |     1 |       |       ||     1
         Leather armour    |       |       |       |   136 |    41 ||   177
  Dodge: Dodged            |    28 |    84 |   119 |   294 |   108 ||   633
  Block: Other             |    12 |    26 |    40 |    93 |    23 ||   194
         Reflection        |     1 |     1 |       |       |       ||     2

Table legend: (Time is in decaauts)
 A = Elapsed time spent in this place.
 B = Non-inter-level travel time spent in this place.
 C = Inter-level travel time spent in this place.
 D = Time resting spent in this place.
 E = Time spent auto-exploring this place.
 F = Levels seen in this place.
 G = Mean time per level.
                   A        B        C        D        E       F      G
               +--------+--------+--------+--------+--------+-----+--------+
         Total |  15527 |  14593 |    934 |      0 |  10951 |  18 |  862.6 |
       Dungeon |  10143 |   9392 |    751 |      0 |   7241 |  10 | 1014.3 |
        Temple |    234 |    200 |     34 |      0 |    186 |   1 |  234.0 |
          Lair |   1745 |   1696 |     49 |      0 |   1286 |   2 |  872.5 |
  Orcish Mines |   1602 |   1504 |     98 |      0 |   1215 |   2 |  801.0 |
   Elven Halls |    156 |    156 |      0 |      0 |     77 |   1 |  156.0 |
         Sewer |    925 |    925 |      0 |      0 |    624 |   1 |  925.0 |
      Gauntlet |    718 |    718 |      0 |      0 |    321 |   1 |  718.0 |
               +--------+--------+--------+--------+--------+-----+--------+

Top non-repeatable levels by time:
     D:7: 1702 daAuts
     D:2: 1150 daAuts
  Lair:2: 1115 daAuts
     D:8: 1114 daAuts
     D:4: 1074 daAuts
     D:6: 1072 daAuts
    D:10: 1064 daAuts
   Orc:2: 947 daAuts
   Sewer: 925 daAuts
     D:1: 825 daAuts
     D:3: 799 daAuts
Gauntlet: 718 daAuts
     D:9: 715 daAuts
   Orc:1: 655 daAuts
  Lair:1: 630 daAuts
